 Dungeon Crawl Stone Soup version 0.19.1 (webtiles) character file.

81 empire the Chucker (level 4, 0/30 HPs)
             Began as a High Elf Hunter on Dec 7, 2016.
             Succumbed to Crazy Yiuf's poison
             ... on level 2 of the Dungeon.
             The game lasted 00:06:52 (2295 turns).

empire the Chucker (High Elf Hunter)                Turns: 2295, Time: 00:06:53

Health: 0/30       AC:  3    Str: 11    XL:     4   Next: 20%
Magic:  5/5        EV: 18    Int: 15    God:
Gold:   123        SH:  0    Dex: 21    Spells: 0 memorised, 3 levels left

rFire  . . .     SeeInvis .     a - +1 short sword
rCold  . . .     Gourm    .     m - +0 leather armour
rNeg   . . .     Faith    .     (no shield)
rPois  .         Spirit   .     (no helmet)
rElec  .         Reflect  .     (no cloak)
rCorr  .         Harm     .     (no gloves)
MR     .....                    (no boots)
Stlth  +++.......               (no amulet)
                                (no ring)
                                (no ring)

@: agile, lethally poisoned (0 -> -13), very slightly contaminated, hasted, very
quick
A: no striking features
a: no special abilities


You were on level 2 of the Dungeon.
You were hungry.

You visited 1 branch of the dungeon, and saw 4 of its levels.

You collected 123 gold pieces.

Inventory:

Hand Weapons
 a - a +1 short sword (weapon)
 b - a +0 hunting sling
Missiles
 d - a throwing net (quivered)
 k - 22 poisoned needles
 n - 19 sling bullets
 v - 14 bolts
 A - 15 arrows
Armour
 m - a +0 leather armour (worn)
 w - a +0 scale mail
 B - a +0 ring mail
Wands
 y - a wand of flame (24/48)
Scrolls
 u - a scroll of fear
 C - a scroll of fog
Potions
 h - a potion of degeneration
Comestibles
 f - 4 bread rations
 o - a beef jerky
 s - a meat ration
 t - a slice of pizza
 z - a royal jelly
 D - 7 chunks of flesh


   Skills:
 + Level 2.6 Fighting
 + Level 0.0 Short Blades
 + Level 0.7(2.3) Slings
 + Level 4.3(4.4) Throwing
 + Level 1.2 Armour
 + Level 2.6 Dodging
 + Level 2.4 Stealth


You had 3 spell levels left.
You didn't know any spells.

Dungeon Overview and Level Annotations

Branches:
Dungeon (4/15)
 Temple: D:4-7

Altars:

Annotations:
D:2 Crazy Yiuf
D:4 empire's ghost, amateur GrFE


Message History

Crazy Yiuf draws strength from your wounds!
It was a potion of haste.
You feel yourself speed up.
You are very lightly contaminated with residual magic.
It was a potion of agility.
You feel agile all of a sudden. Crazy Yiuf closely misses you.
Throwing (i - inventory. (,) - cycle):
c - a javelin (quivered)
Press: ? - help, Shift-Dir - straight line, f/p - Crazy Yiuf
Aim: Crazy Yiuf, wielding a quarterstaff of chaos and wearing a glowing cloak (almost dead)
You throw a javelin. The javelin barely misses Crazy Yiuf.
Crazy Yiuf hits you with a quarterstaff of chaos.
* * * LOW HITPOINT WARNING * * *
You are lethally poisoned!
Throwing (i - inventory):
d - 2 throwing nets (quivered)
Press: ? - help, Shift-Dir - straight line, f/p - Crazy Yiuf
Aim: Crazy Yiuf, wielding a quarterstaff of chaos and wearing a glowing cloak (almost dead)
You throw a throwing net. The throwing net hits Crazy Yiuf.
Crazy Yiuf is caught in the net!
Crazy Yiuf is almost dead.
You die...

#..##..#
#..##..###
#..#.....#
#....#...# #####
##.#.....# #)(.#
#.##.#..# #.(.#
#.##.#..# ).)
#.##.#.## #g#
#.##.#.# ♣@♣♣
#[##.#.# ♣♣.♣
#.##.#.# ♣.♣♣
####.##.#.# ♣♣)♣
..........# ♣♣.♣♣
###.#####.# ♣♣P.)♣
#.#####.## ♣P.PP♣
#........# #....#
########.####....#


You could see Crazy Yiuf (caught).

Vanquished Creatures
  An adder (D:2)
  2 oozes
  2 worms
  A dart slug (D:1)
  A leopard gecko (D:3)
  2 giant cockroaches (D:1)
  7 hobgoblins
  3 jackals (D:3)
  8 kobolds
  3 quokkas
  2 ball pythons
  5 bats
  5 frilled lizards
  6 goblins
  3 rats
51 creatures vanquished.

Notes
Turn   | Place    | Note
-------+----------+-------------------------------------------
     0 | D:1      | empire the High Elf Hunter began the quest for the Orb.
     0 | D:1      | Reached XP level 1. HP: 14/14 MP: 2/2
   182 | D:1      | Reached XP level 2. HP: 11/19 MP: 3/3
   804 | D:1      | Reached XP level 3. HP: 25/25 MP: 4/4
  1258 | D:2      | You fall through a shaft for 2 floors!
  1288 | D:4      | Noticed empire's ghost (amateur GrFE)
  1321 | D:3      | Reached skill level 1 in Armour
  1873 | D:2      | Reached XP level 4. HP: 23/30 MP: 5/5
  2269 | D:2      | Found a runed door.
  2280 | D:2      | Noticed Crazy Yiuf
  2294 | D:2      | HP: 1/30 [Crazy Yiuf/quarterstaff of chaos (4)]
  2295 | D:2      | Succumbed to Crazy Yiuf's poison

Skill      XL: |  1  2  3 |
---------------+----------+-----
Stealth        | 2 |  2.4
Armour         | 1 |  1.2
Fighting       | |  2.6
Slings         | |  0.7
Throwing       | |  4.3
Dodging        | |  2.6

Action                   |  1- 3 |  4- 6 || total
-------------------------+-------+-------++-------
Melee: Short sword       |   152 |    12 ||   164
Throw: Javelin           |    16 |    21 ||    37
       Throwing net      |     1 |     1 ||     2
  Use: Potion            |     2 |     4 ||     6
       Scroll            |       |     8 ||     8
 Stab: Sleeping          |     2 |       ||     2
       Distracted        |     1 |       ||     1
  Eat: Chunk             |     3 |     1 ||     4
Armor: Leather armour    |    28 |     4 ||    32
Dodge: Dodged            |   124 |    20 ||   144
